 Dungeon Crawl Stone Soup version 0.25-a0-890-g62861fb (webtiles) character file.

Game seed: 12180125305146897869, levelgen mode: deterministic

78 Faca the Skirmisher (level 4, 0/37 HPs)
             Began as a Human Fighter on May 5, 2020.
             Slain by a gnoll
             ... wielding a cursed -1 whip
              (7 damage)
             ... on level 3 of the Dungeon.
             The game lasted 00:03:04 (2314 turns).

Faca the Skirmisher (Human Fighter)                 Turns: 2314, Time: 00:03:05

Health: 0/37       AC:  6    Str: 17    XL:     4   Next: 61%
Magic:  4/4        EV:  7    Int:  8    God:
Gold:   180        SH: 10    Dex: 13    Spells: 3/3 levels left

rFire    . . .     SeeInvis .   a - +1 flail
rCold    . . .     Gourm    .   c - +1 kite shield
rNeg     . . .     Faith    .   b - +0 scale mail
rPois    .         Spirit   .   (no helmet)
rElec    .         Reflect  .   (no cloak)
rCorr    .         Harm     .   (no gloves)
MR       .....                  (no boots)
Stlth    ..........             (no amulet)
HPRegen  0.12/turn              (no ring)
MPRegen  0.09/turn              (no ring)

@: no status effects
A: no striking features
a: no special abilities


You were on level 3 of the Dungeon.
You were hungry.

You visited 1 branch of the dungeon, and saw 3 of its levels.

You collected 180 gold pieces.

Inventory:

Hand Weapons
 a - a +1 flail (weapon)
Armour
 b - a +0 scale mail (worn)
 c - a +1 kite shield (worn)
Scrolls
 e - a scroll of magic mapping {unknown}
 g - 2 scrolls of fog
 h - a scroll of identify
 k - 3 scrolls of enchant weapon
Potions
 d - 2 potions of might
 i - a potion of invisibility {unknown}
 j - 2 potions of heal wounds
 l - a potion of resistance
Comestibles
 f - 4 rations


   Skills:
 + Level 4.1 Fighting
 + Level 3.4 Maces & Flails
 - Level 3.0 Armour
 - Level 3.0 Shields


You had 3 spell levels left.
You didn't know any spells.
Your spell library was empty.

Dungeon Overview and Level Annotations

Branches:
Dungeon (3/15)

Altars:
Gozag
Makhleb
Zin


Message History

The gnoll throws a throwing net.
The throwing net hits you.
You become entangled in the net!
You see here a throwing net.
You are too injured to fight recklessly!
You are too injured to fight recklessly!
You struggle against the net.
You struggle against the net.
The gnoll hits you but does no damage.
You struggle against the net.
The gnoll hits you but does no damage.
You struggle against the net.
The gnoll hits you with a cursed -1 whip!
* * * LOW HITPOINT WARNING * * *
You struggle against the net.
The gnoll hits you but does no damage.
You rip the net and break free!
The gnoll barely misses you.
You closely miss the gnoll. The gnoll barely misses you.
You sock the gnoll!
The gnoll is severely wounded.
The gnoll hits you with a cursed -1 whip.
* * * LOW HITPOINT WARNING * * *
The gnoll hits you with a cursed -1 whip!
You die...

#.# ##.#
#.# #.#
#######.#
##'###
#....##.#
#.....
#....##.#
#.....
##....##.#
#.....
#...).'?.#
####'#
#.....####
#..
#..g@.#
##.
#.##### #.
... #.
###. ##'
#. #.. #.
#.. .g #..
.. #.. #..


You could see a gnoll.

Vanquished Creatures
  2 adders
  A gnoll (D:1)
  A dart slug (D:3)
  2 leopard geckos (D:2)
  3 orcs (D:3)
  4 bats
  4 giant cockroaches
  4 goblins
  3 hobgoblins
  4 jackals (D:1)
  A ball python (D:2)
  A frilled lizard (D:1)
  6 kobolds
  5 rats
41 creatures vanquished.

Notes
Turn   | Place    | Note
-------+----------+-------------------------------------------
     0 | D:1      | Faca the Human Fighter began the quest for the Orb.
     0 | D:1      | Reached XP level 1. HP: 18/18 MP: 1/1
   404 | D:1      | Reached XP level 2. HP: 9/24 MP: 2/2
   648 | D:1      | Reached XP level 3. HP: 29/29 MP: 3/3
  1242 | D:2      | Reached XP level 4. HP: 32/37 MP: 4/4
  1253 | D:2      | Found a burning altar of Makhleb.
  1253 | D:2      | Found a glowing silver altar of Zin.
  1254 | D:2      | Noticed an angel
  1254 | D:2      | Noticed a balrug
  1670 | D:3      | Reached skill level 4 in Fighting
  2085 | D:3      | Found an opulent altar of Gozag.
  2314 | D:3      | Slain by a gnoll

Levels and vault maps discovered:
D:1:      matt_arrival_refuge, layout_basic
D:2:      layout_rooms, grunt_temple_overflow_order_and_chaos_2
D:3:      layout_basic, grunt_gozag_breadcrumbs,
          chequers_ecumenical_altar_simple, kennysheep_donut

Skill      XL: |  1  2  3  4 |
---------------+-------------+-----
Maces & Flails | 3 |  3.4
Fighting       | 4 |  4.1
Armour         | |  3.0
Shields        | |  3.0

Action                   |  1- 3 |  4- 6 || total
-------------------------+-------+-------++-------
Melee: Flail             |    89 |    57 ||   146
  Use: Scroll            |     7 |     2 ||     9
  Eat: Chunk             |     1 |     3 ||     4
Armor: Scale mail        |    41 |    29 ||    70
Dodge: Dodged            |    30 |    12 ||    42
Block: Kite shield       |    47 |    30 ||    77

Table legend:
 A = Non-vault XP
 B = Vault XP
 C = Vault XP percentage of total XP
 D = Non-vault monster count
 E = Vault monster count
 F = Vault count percentage of total count
                 A         B        C        D         E       F
            +---------+---------+-------+---------+---------+-------
      Total |     112 |       0 |   0.0 |      41 |       0 |   0.0
            +---------+---------+-------+---------+---------+-------
        D:1 |      45 |       0 |   0.0 |      20 |       0 |   0.0
        D:2 |      34 |       0 |   0.0 |      12 |       0 |   0.0
        D:3 |      33 |       0 |   0.0 |       9 |       0 |   0.0
            +---------+---------+-------+---------+---------+-------
